 Dungeon Crawl Stone Soup version 0.27.1-34-g3ba077fa99 (webtiles) character file.

Game seed: 3242101107377260118

15183 pkoi the Severer (level 11, 0/88 HPs)
             Began as a Minotaur Gladiator on Jan 22, 2022.
             Was a High Priest of Okawaru.
             Succumbed to a cane toad's poison
             ... on level 3 of the Lair of Beasts.
             The game lasted 00:15:14 (16538 turns).

pkoi the Severer (Minotaur Gladiator)              Turns: 16538, Time: 00:15:14

Health: 0/88       AC: 16    Str: 22    XL:     11   Next: 98%
Magic:  2/10       EV: 15    Int:  5    God:    Okawaru [*****.]
Gold:   1569       SH:  0    Dex: 12    Spells: 10/10 levels left

rFire    . . .     SeeInvis +   x - +2 war axe (vorpal)
rCold    + + .     Faith    .   (no shield)
rNeg     . . .     Spirit   +   y - +5 ring mail of Absolutism {rC++ Slay-4 SInv Stlth+}
rPois    .         Reflect  .   c - +1 hat
rElec    .         Harm     .   p - scarf {shadows}
rCorr    .         Rampage  .   (no gloves)
Will     .....     Rnd*Rage +   u - +0 pair of boots
Stlth    +++.......             h - amulet of guardian spirit
HPRegen  0.24/turn              (no ring)
MPRegen  0.12/turn              (no ring)

@: lethally poisoned (0 -> -39), heroic
A: horns 2, retaliatory headbutt, iridescent scales 1, berserk 1
a: Renounce Religion, Heroism, Finesse


You were on level 3 of the Lair of Beasts.
You worshipped Okawaru.
Okawaru was extremely pleased with you.
You visited 3 branches of the dungeon, and saw 13 of its levels.

You collected 1569 gold pieces.

Inventory:

Hand Weapons
 a - a +0 war axe
 x - a +2 vorpal war axe (weapon)
Missiles
 d - 6 throwing nets
 t - a curare-tipped dart
Armour
 c - a +1 hat (worn)
 f - a +0 chain mail
 p - a scarf of shadows (worn)
 u - a +0 pair of boots (worn)
 y - the +5 ring mail of Absolutism (worn) {rC++ Slay-4 SInv Stlth+}
   (Okawaru gifted it to you on level 2 of the Lair of Beasts)

   Slay:      It affects your accuracy & damage with ranged weapons and melee
   (-4).
   rC:        It greatly protects you from cold.
   SInv:      It lets you see invisible.
   Stlth:     It makes you more stealthy.
Jewellery
 h - an amulet of guardian spirit (around neck)
 v - a ring of ice
Wands
 l - a wand of polymorph (10)
 s - a wand of acid (3)
Scrolls
 g - 2 scrolls of fear
 j - 2 scrolls of blinking
 n - 2 scrolls of identify
 o - 2 scrolls of vulnerability
 q - 2 scrolls of fog
 r - 5 scrolls of teleportation
 w - a scroll of magic mapping
Potions
 b - a potion of might
 e - a potion of curing
 i - 2 potions of lignification
 k - 3 potions of brilliance
 m - 3 potions of magic
 z - a potion of haste


   Skills:
 - Level 5.3(10.3) Fighting
 + Level 15.6(20.6) Axes
 - Level 2.0(7.0) Throwing
 - Level 4.4(9.4) Armour
 - Level 5.5(10.5) Dodging
 - Level 1.0 Invocations
 + Level 11.2 Evocations


You had 10 spell levels left.
You didn't know any spells.
Your spell library contained the following spells:

 Spells                   Type           Power      Damage    Failure   Level
 Animate Skeleton         Necr           0%         N/A       61%         1
 Apportation              Tloc           0%         N/A       61%         1
 Corona                   Hex            0%         N/A       61%         1
 Foxfire                  Conj/Fire      0%         2x1d4     61%         1
 Freeze                   Ice            0%         1d3       61%         1
 Pain                     Necr           0%         1d4       61%         1
 Summon Small Mammal      Summ           0%         N/A       61%         1
 Slow                     Hex            0%         N/A       75%         2
 Confusing Touch          Hex            0%         N/A       93%         3
 Dazzling Flash           Conj/Hex       0%         N/A       93%         3
 Frozen Ramparts          Ice            0%         1d2       93%         3
 Vampiric Draining        Necr           0%         2d6       93%         3
 Hailstorm                Conj/Ice       0%         3d3       100%        4
 Agony                    Necr           0%         N/A       100%        5
 Silence                  Hex/Air        0%         N/A       100%        5
 Summon Forest            Summ/Tloc      0%         N/A       100%        5
 Eringya's Noxious Bog    Tmut/Pois      0%         N/A       100%        6
 Simulacrum               Ice/Necr       0%         N/A       100%        6
 Summon Hydra             Summ           0%         N/A       100%        7


Dungeon Overview and Level Annotations

Branches:
Dungeon (9/15)             Temple (1/1) D:6            Lair (3/6) D:8
 Shoals (0/4) Lair:3       Spider (0/4) Lair:3
    Orc: D:9-12

Altars:
Ashenzari
Cheibriados
Dithmenos
Elyvilon
Fedhas
Gozag
Hepliaklqana
Kikubaaqudgha
Makhleb
Nemelex Xobeh
Okawaru
Qazlal
Ru
Sif Muna
Trog
Uskayaw
Vehumet
Wu Jian
Xom
Yredelemnul
Zin

Shops:
D:3 ?

Annotations:
D:5 1 runed translucent door, boopmooplesden's ghost, amateur MiFi


Innate Abilities, Weirdness & Mutations

You have a pair of horns on your head.
You reflexively headbutt those who attack you in melee.
You are partially covered in iridescent scales. (AC +2)
You tend to lose your temper in combat.


Message History

The cane toad poisons you!
You closely miss the cane toad.
The cane toad is moderately wounded.
You feel very sick. The cane toad stings you!!
You are too injured to fight recklessly!
You are too injured to fight recklessly!
You are too injured to fight recklessly!
You are too injured to fight recklessly!
You are too injured to fight recklessly!
You are too injured to fight recklessly!
You are too injured to fight recklessly!
You are too injured to fight recklessly!
You slash the cane toad!
The cane toad is severely wounded.
You feel very sick. The cane toad stings you!
You are lethally poisoned!
The cane toad poisons you!
You hit the cane toad but do no damage. Your headbutt misses the cane toad.
The cane toad is severely wounded.
* * * LOW HITPOINT WARNING * * *
You feel extremely sick. The cane toad stings you.
* * * LOW HITPOINT WARNING * * *
You barely miss the cane toad.
The cane toad is severely wounded.
* * * LOW HITPOINT WARNING * * *
You feel extremely sick. The cane toad stings you!
* * * LOW HITPOINT WARNING * * *
You are more poisoned.
The cane toad poisons you!
You gain the combat prowess of a mighty hero.
* * * LOW HITPOINT WARNING * * *
You feel extremely sick. The cane toad closely misses you.
You hit the cane toad but do no damage. You headbutt the cane toad!
The cane toad is almost dead.
You die...

.#...## .#.....###
#. #........##..
#.......#....
#...........
#.....F..# ....(
#....@..# ......
##.....#.##.......
#......###........
###.....##........
#..#...#........
##.##...........
.. #........... ##
#.#......... #
#..##.#####. ##


You could see a cane toad.

Vanquished Creatures
  2 hydras
  Erica (D:8)
  A harpy (D:8)
  An elephant (D:8)
  3 black mambas
  5 cane toads
  Maggie (D:7)
  A kobold demonologist (D:9)
  2 rime drakes (Lair:2)
  3 komodo dragons
  A jumping spider (Lair:3)
  Prince Ribbit (D:4)
  A polar bear (Lair:3)
  10 blink frogs
  2 redbacks (Lair:3)
  A wraith (D:9)
  4 yaks
  A wyvern (Lair:2)
  Sigmund (D:5)
  3 basilisks
  A steam dragon (D:9)
  6 water moccasins
  6 black bears
  A hornet zombie (D:7)
  2 necrophages (D:7)
  2 ogres
  2 phantoms
  3 kobold brigands
  6 bullfrogs
  A wyvern zombie (D:7)
  2 scorpions
  A wyvern skeleton (D:7)
  A water moccasin skeleton (D:6)
  4 wights (D:8)
  2 howler monkeys
  A centaur zombie (D:7)
  2 bullfrog zombies
  2 jellies (D:4)
  A gnoll shaman (D:4)
  A hound (D:7)
  A human zombie (D:7)
  An orc priest (D:6)
  A centaur skeleton (D:4)
  5 hell rats (Lair:3)
  An iguana (D:4)
  3 orc wizards
  2 killer bee zombies
  A hound skeleton (D:4)
  2 mummies (D:7)
  3 howler monkey zombies
  13 gnolls
  4 adders
  2 ufetubi
  2 worms (D:2)
  3 dart slugs
  9 orcs
  5 endoplasms
  3 giant cockroaches
  5 goblins
  10 hobgoblins
  3 jackals (D:4)
  3 quokkas
  6 ball pythons
  6 bats
  3 frilled lizards
  20 kobolds
  4 rats (D:1)
213 creatures vanquished.

Vanquished Creatures (others)
  An orc wizard (D:6)
  4 fungi (Lair:2)
  6 plants
11 creatures vanquished.

Grand Total: 224 creatures vanquished

Notes
Turn   | Place    | Note
-------+----------+-------------------------------------------
     0 | D:1      | pkoi the Minotaur Gladiator began the quest for the Orb.
     0 | D:1      | Reached XP level 1. HP: 18/18 MP: 0/0
   118 | D:1      | Reached XP level 2. HP: 25/25 MP: 1/1
   298 | D:1      | Reached skill level 4 in Axes
   625 | D:1      | Reached skill level 1 in Armour
   625 | D:1      | Reached XP level 3. HP: 29/30 MP: 2/2
   893 | D:2      | Found a faded altar of an unknown god.
  1031 | D:2      | Found a blossoming altar of Fedhas.
  1131 | D:2      | Got the Incunabulum of the Blaze and the Frostbite
  1222 | D:2      | Reached XP level 4. HP: 23/38 MP: 3/3
  1645 | D:2      | Reached skill level 5 in Axes
  2176 | D:3      | Found Ytusseo's Magic Scroll Emporium.
  2304 | D:3      | Found an ornate altar of the Wu Jian Council.
  2309 | D:3      | Found a basalt altar of Yredelemnul.
  2310 | D:3      | Found a radiant altar of Vehumet.
  2314 | D:3      | Found an iron altar of Okawaru.
  2314 | D:3      | Found a sparkling altar of Nemelex Xobeh.
  2328 | D:3      | Became a worshipper of Warmaster Okawaru
  2772 | D:3      | Reached XP level 5. HP: 36/45 MP: 1/4
  2936 | D:3      | Found a hide-covered altar of Uskayaw.
  3036 | D:4      | Noticed a phantom
  3044 | D:4      | Killed a phantom
  3159 | D:4      | Noticed a black bear
  3168 | D:4      | Killed a black bear
  3168 | D:4      | Reached * piety under Okawaru
  3169 | D:4      | Reached skill level 6 in Axes
  3169 | D:4      | Reached XP level 6. HP: 35/52 MP: 3/5
  3507 | D:4      | Reached XP level 7. HP: 60/60 MP: 6/6
  3519 | D:4      | Reached skill level 5 in Dodging
  3777 | D:4      | Reached skill level 7 in Axes
  3863 | D:5      | Entered Level 5 of the Dungeon
  3916 | D:5      | Reached skill level 5 in Fighting
  4207 | D:5      | Noticed Prince Ribbit
  4292 | D:4      | Killed Prince Ribbit
  4292 | D:4      | Reached ** piety under Okawaru
  4293 | D:4      | Reached skill level 1 in Invocations
  4657 | D:5      | Found a runed translucent door.
  4658 | D:5      | Noticed boopmooplesden's ghost (amateur MiFi)
  4748 | D:5      | Noticed Sigmund
  4766 | D:5      | Reached XP level 8. HP: 67/68 MP: 4/7
  4768 | D:5      | Killed Sigmund
  4769 | D:5      | Reached skill level 8 in Axes
  4769 | D:5      | Reached skill level 1 in Evocations
  5175 | D:6      | Found a staircase to the Ecumenical Temple.
  5181 | D:6      | Reached skill level 9 in Axes
  5356 | D:6      | Gained mutation: You tend to lose your temper in combat.
                  | [potion of mutation]
  5356 | D:6      | Gained mutation: You are partially covered in iridescent
                  | scales. (AC +2) [potion of mutation]
  5740 | D:6      | Found a sacrificial altar of Ru.
  6221 | Temple   | Entered the Ecumenical Temple
  6644 | D:7      | Found a bloodstained altar of Trog.
  6650 | D:7      | Reached *** piety under Okawaru
  6703 | D:7      | Identified a scroll of acquirement
  6703 | D:7      | Acquired 997 gold pieces
  6711 | D:7      | Noticed Maggie
  6727 | D:7      | Killed Maggie
  6728 | D:7      | Reached skill level 10 in Axes
  6728 | D:7      | Reached XP level 9. HP: 43/74 MP: 5/8
  7002 | D:7      | Reached skill level 5 in Evocations
  7169 | D:7      | Found an ancient bone altar of Kikubaaqudgha.
  7251 | D:7      | Reached **** piety under Okawaru
  7336 | D:7      | Reached skill level 11 in Axes
  7524 | D:8      | Noticed Erica
  7548 | D:8      | HP: 1/74 [something (3)]
  7549 | D:8      | Killed Erica
  7707 | D:8      | Noticed an elephant
  8027 | D:8      | Killed an elephant
  8028 | D:8      | Reached skill level 12 in Axes
  8028 | D:8      | Reached XP level 10. HP: 58/81 MP: 5/9
  8460 | D:8      | Found a shimmering altar of Xom.
  8460 | D:8      | Noticed an angel
  8461 | D:8      | Found a glowing silver altar of Zin.
  8528 | D:8      | Found a staircase to the Lair.
  8687 | D:8      | Noticed a harpy
  8697 | D:8      | Killed a harpy
  8697 | D:8      | Received a gift from Okawaru
  8798 | D:8      | Found a broken altar of Ashenzari.
 10109 | D:9      | Reached skill level 13 in Axes
 10154 | D:9      | Reached ***** piety under Okawaru
 10444 | Lair:1   | Entered Level 1 of the Lair of Beasts
 10465 | Lair:1   | Noticed a cane toad
 10480 | Lair:1   | Killed a cane toad
 10746 | Lair:1   | Noticed a black mamba
 10758 | Lair:1   | Killed a black mamba
 11148 | Lair:1   | Noticed a cane toad
 11159 | Lair:1   | Killed a cane toad
 11385 | Lair:1   | Reached XP level 11. HP: 46/88 MP: 5/10
 11698 | Lair:1   | Received a gift from Okawaru
 12062 | Lair:1   | Reached skill level 14 in Axes
 12628 | Lair:2   | Identified the +5 ring mail of Absolutism {rC++ Slay-4 SInv
                  | Stlth+} (Okawaru gifted it to you on level 2 of the Lair of
                  | Beasts)
 12628 | Lair:2   | Received a gift from Okawaru
 12752 | Lair:2   | Noticed a four-headed hydra
 12763 | Lair:2   | Killed a four-headed hydra
 12764 | Lair:2   | Reached skill level 10 in Evocations
 13515 | Lair:2   | Found an opulent altar of Gozag.
 14428 | Lair:3   | Found a hole to the Spider Nest.
 14433 | Lair:3   | Reached skill level 15 in Axes
 15298 | Lair:3   | Noticed an eight-headed hydra
 15304 | Lair:3   | Killed an eight-headed hydra
 15596 | Lair:3   | HP: 4/88 [poisoned by a cane toad]
 16069 | Lair:3   | Found a staircase to the Shoals.
 16538 | Lair:3   | Succumbed to a cane toad's poison

Illustrated notes

Levels and vault maps discovered:
D:1:      co_arrival_random_square_maze, layout_basic, minmay_small_reverse_x
D:2:      layout_loops_ring, basic_altar, shapermc_ecumenical_altar_acropolis
D:3:      layout_basic, mainiacjoe_overflow_alcove_1,
          grunt_temple_overflow_open, serial_shops, shop_statue
D:4:      layout_basic
D:5:      layout_loops_ring, ebering_ghost_inner_flame, serial_park_tiny_1,
          uniq_prince_ribbit1, uniq_sigmund
D:6:      layout_cave_pods, nicolae_ru_path_of_blood,
          minmay_temple_entry_arrows, kennysheep_decorative_pillar
D:7:      layout_basic, lemuel_mausoleum_altar_kikubaaqudgha,
          trog_ov_bears_minmay, minmay_increasing_density, uniq_maggie
D:8:      layout_loops_cross, grunt_temple_overflow_order_and_chaos_1,
          ashenzari_altar_1, david_lair_generic, serial_glass, glass_columns_a,
          glass_columns_c, glass_columns_a, uniq_erica
D:9:      layout_irregular_city, serial_column_ruins, column_ruins_hut,
          column_ruins_hut, column_ruins_grid_2, column_ruins_open_medium,
          column_ruins_corridor_T, column_ruins_corridor_straight,
          column_ruins_grid_4
Temple:   jpeg_temple_island
Lair:1:   layout_big_grid
Lair:2:   layout_concentric_octagons, basic_altar
Lair:3:   layout_cave_pods, elwin_shoals_entry_rocks, spider_nest_entry_a

Skill      XL: |  1  2  3  4  5  6  7  8  9 10 11 |
---------------+----------------------------------+-----
Axes           | 4 5 6 7 10 12 13 15 | 15.6
Armour         | 1 2 3 4 |  4.4
Fighting       | 3 4 5 |  5.3
Dodging        | 4 5 |  5.5
Invocations    | 1 |  1.0
Evocations     | 4 7 9 11 | 11.2
Throwing       | |  2.0

Action                   |  1- 3 |  4- 6 |  7- 9 | 10-12 || total
-------------------------+-------+-------+-------+-------++-------
Melee: War axe           |    76 |    94 |   216 |   343 ||   729
       Headbutt          |    11 |    12 |    46 |    48 ||   117
       Punch             |       |       |       |     3 ||     3
Invok: Heroism           |       |       |     4 |    13 ||    17
Evoke: Wand              |       |       |     3 |    18 ||    21
  Use: Scroll            |     1 |       |    10 |     2 ||    13
       Potion            |     1 |       |    12 |     4 ||    17
 Stab: Sleeping          |     1 |       |       |     1 ||     2
Armor: Leather armour    |    16 |       |       |       ||    16
       Chain mail        |     8 |    55 |   116 |    81 ||   260
       Ring mail         |       |       |       |    44 ||    44
Dodge: Dodged            |    55 |    68 |    92 |   173 ||   388
